 Dungeon Crawl Stone Soup version 0.29.1-12-g30fa7ad0bf (webtiles) character file.

Game seed: 7546285484501620333

550 hawla the Firebug (level 7, 0/51 HPs)
             Began as a Meteoran Fire Elementalist on Jan 8, 2023.
             Shot with an arrow by a centaur (2 damage)
             ... on level 7 of the Dungeon.
             The game lasted 00:07:21 (1307 turns).

hawla the Firebug (Meteoran Fire Elementalist)      Turns: 1307, Time: 00:07:22

Health: 0/51       AC:  2    Str: 10    XL:     7   Next: 85%
Magic:  11/15      EV: 13    Int: 18    God:
Gold:   102        SH:  0    Dex: 15    Spells: 9/16 levels left

rFire   . . .      SeeInvis .   (no weapon)
rCold   . . .      Faith    .   (no shield)
rNeg    . . .      Spirit   .   a - +0 robe
rPois   .          Reflect  .   (no helmet)
rElec   .          Harm     .   (no cloak)
rCorr   .          Rampage  .   (no gloves)
Will    .....                   (no boots)
Stlth   +.........              (no amulet)
HPRegen 0.17/turn               (no ring)
MPRegen 0.14/turn               (no ring)

@: glowing
A: sense surroundings 1, otherworldly, glowing, explore regen
a: no special abilities


You were on level 7 of the Dungeon.
You visited 1 branch of the dungeon, and saw 5 of its levels.

You collected 102 gold pieces.

Inventory:

Armour
 a - a +0 robe (worn)
Scrolls
 c - 3 scrolls of identify
 d - a scroll of amnesia {unknown}
Potions
 b - a potion of lignification {unknown}
 e - a potion of curing
 f - a potion of degeneration {unknown}


   Skills:
 + Level 0.4 Fighting
 + Level 2.9 Dodging
 - Level 1.4 Stealth
 + Level 5.1 Spellcasting
 + Level 5.8 Conjurations
 + Level 6.2 Fire Magic


You had 9 spell levels left.
You knew the following spells:

 Your Spells              Type           Power      Damage    Failure   Level
a - Foxfire               Conj/Fire      100%       2x1d9     1%          1
b - Scorch                Fire           52%        2d7       1%          2
c - Flame Wave            Conj/Fire      26%        2d8       11%         4

Your spell library contained the following spells:

 Spells                   Type           Power      Damage    Failure   Level
 Magic Dart               Conj           100%       1d8       1%          1
 Searing Ray              Conj           50%        2d6       1%          2
 Conjure Flame            Conj/Fire      26%        6-21      3%          3
 Inner Flame              Hex/Fire       15%        N/A       11%         3
 Fulminant Prism          Conj/Hex       7%         3d7       36%         4
 Summon Cactus Giant      Summ           2%         N/A       100%        6


Dungeon Overview and Level Annotations

Branches:
Dungeon (7/15) Zot: 1690
 Temple: D:4-7

Altars:
Trog
Xom


Innate Abilities, Weirdness & Mutations

You passively map a small area around you.
You are easily found by Zot.
You glow in the dark.
You regain HP and MP as you explore.


Message History

The foxfire hits the orc.
The orc is moderately wounded.
The foxfire hits the orc but does no damage.
A wave of flame ripples out!
The flame wave engulfs the orc.
The orc is moderately wounded.
The flame wave engulfs the orc!
You kill the orc!
A centaur comes into view.
The centaur wields a +2 shortbow of freezing.
It is covered in frost.
The centaur shoots an arrow.
The arrow hits you! The arrow freezes you.
A wave of flame ripples out!
The flame wave engulfs the orc but does no damage.
The orc is lightly wounded.
You finish channelling waves of flame.
The centaur shoots an arrow.
The arrow completely misses you. The orc closely misses you.
Unknown command.
You hit the orc but do no damage. Your punch misses the orc.
The orc is lightly wounded.
A bullfrog comes into view.
A white imp comes into view.
The orc hits you with a +0 flail of protection.
You hit the orc but do no damage.
The orc is lightly wounded.
The centaur shoots an arrow.
The arrow barely misses you.
The centaur shoots an arrow.
The arrow misses you.
The orc hits you with a +0 flail of protection.
The centaur shoots an arrow.
The arrow hits you. The arrow freezes you. The white imp gestures at you.
The puff of frost hits you!
The centaur shoots an arrow.
The arrow hits you! The arrow freezes you.
The centaur shoots an arrow.
The arrow barely misses you.
The arrow hits the orc!
The arrow freezes the orc.
The orc dies!
You see here a scroll of identify.
The bullfrog attacks as you move away! The bullfrog hits you.
* * * LOW HITPOINT WARNING * * *
The centaur shoots an arrow.
The arrow hits you!
* * * LOW HITPOINT WARNING * * *
The arrow freezes you.
You die...

, ,, #.#. *, *#.# *
..## , * , #.# # .#
, #.# , .# #. *
##+#*#. ,...,, .♣#
#. #...##.**#.#
P..# , .....#.
#.##...# * .......*
#)#c...# ,
,......###@.5...#
,, #...+.?........
, ###.)))F#........
.##.......#$.).....
..._.###........##
##...##...##....#
#.*
##..###.##*....#
#..##.......# .####
#..#........# , *


You could see a bullfrog, a centaur and a white imp.

Vanquished Creatures
  Prince Ribbit (D:7)
  A sky beast (D:7)
  A quasit (D:7)
  A hound (D:4)
  An iguana (D:4)
  An orc wizard (D:3)
  2 hound zombies (D:3)
  An adder (D:2)
  3 gnolls (D:4)
  2 shadow imps (D:7)
  4 white imps (D:7)
  2 adder skeletons (D:3)
  A worm (D:4)
  A dart slug (D:4)
  8 orcs
  3 endoplasms
  4 goblins
  3 hobgoblins
  A quokka (D:4)
  2 ball pythons (D:2)
  A ball python skeleton (D:3)
  A bat (D:3)
  A frilled lizard (D:2)
  2 kobolds
48 creatures vanquished.

Vanquished Creatures (collateral kills)
  A foxfire (D:7)
1 creature vanquished.

Vanquished Creatures (others)
  An orc (D:7)
  2 demonic plants (D:7)
  111 foxfires
114 creatures vanquished.

Grand Total: 163 creatures vanquished

Notes
Turn   | Place    | Note
-------+----------+-------------------------------------------
     0 | D:1      | hawla the Meteoran Fire Elementalist began the quest for
                  | the Orb.
     0 | D:1      | Reached XP level 1. HP: 14/14 MP: 5/5
    66 | D:2      | Reached skill level 4 in Fire Magic
    70 | D:2      | Reached XP level 2. HP: 6/20 MP: 2/6
    73 | D:2      | Learned a level 2 spell: Scorch
   100 | D:3      | Reached XP level 3. HP: 9/26 MP: 0/8
   213 | D:3      | Found a shimmering altar of Xom.
   278 | D:3      | Reached skill level 5 in Fire Magic
   278 | D:3      | Reached XP level 4. HP: 11/33 MP: 6/10
   283 | D:3      | Learned a level 4 spell: Flame Wave
   317 | D:3      | Reached XP level 5. HP: 5/38 MP: 2/11
   706 | D:4      | HP: 1/38 [hound (2)]
   708 | D:4      | Reached XP level 6. HP: 2/45 MP: 5/12
   783 | D:4      | You fall into a shaft and drop 3 floors!
   834 | D:7      | Noticed a sky beast
   842 | D:7      | Killed a sky beast
   843 | D:7      | Reached skill level 5 in Conjurations
   865 | D:7      | Reached XP level 7. HP: 7/50 MP: 0/13
  1109 | D:7      | Noticed Prince Ribbit
  1117 | D:7      | Killed Prince Ribbit
  1118 | D:7      | Reached skill level 5 in Spellcasting
  1118 | D:7      | Reached skill level 6 in Fire Magic
  1289 | D:7      | Found a bloodstained altar of Trog.
  1307 | D:7      | HP: 2/51 [centaur/arrow (12)]
  1307 | D:7      | Shot with an arrow by a centaur

Illustrated notes

Levels and vault maps discovered:
D:1:      minmay_arrival_open_corners, layout_rooms,
          dreamdust_ecumenical_altar_statues
D:2:      layout_loops_cross, uniq_jessica
D:3:      layout_basic, old_standard_altar, serial_undead, serial_undead_a,
          serial_undead_b, serial_undead_f, serial_undead_d, serial_undead_c
D:4:      layout_rooms, hex_intersection
D:7:      layout_loops_corners, trog_three_pillars_becter, serial_demonic,
          serial_demonic_c, serial_demonic_e, serial_demonic_f,
          serial_demonic_c, uniq_prince_ribbit1

Skill      XL: |  1  2  3  4  5  6  7 |
---------------+----------------------+-----
Fire Magic     | 4 5 6 |  6.2
Spellcasting   | 3 5 |  5.1
Conjurations   | 2 4 5 |  5.8
Fighting       | |  0.4
Dodging        | |  2.9
Stealth        | |  1.4

Action                   |  1- 3 |  4- 6 |  7- 9 || total
-------------------------+-------+-------+-------++-------
Melee: Unarmed           |     6 |       |     4 ||    10
 Cast: Foxfire           |    23 |    35 |     8 ||    66
       Scorch            |     1 |    16 |     6 ||    23
       Flame Wave        |       |     3 |     1 ||     4
  Use: Potion            |       |     4 |       ||     4
       Scroll            |       |     1 |       ||     1
Armor: Robe              |     6 |     6 |     6 ||    18
Dodge: Dodged            |     8 |    23 |    13 ||    44
